 Dungeon Crawl Stone Soup version 0.30-a0-368-g86fb4627a9 (webtiles) character file.

Game seed: 10306578632799124137

1514 oldriver the Magician (level 8, -3/63 HPs)
             Began as a Mummy Necromancer on Nov 19, 2022.
             Was an Initiate of Qazlal.
             Slain by a hornet (6 damage)
             ... on level 8 of the Dungeon.
             The game lasted 00:08:10 (6813 turns).

oldriver the Magician (Mummy Necromancer)           Turns: 6813, Time: 00:08:10

Health: -3/63      AC: 13    Str: 11    XL:     8   Next: 53%
Magic:  16/18      EV: 10    Int: 17    God:    Qazlal [......]
Gold:   264        SH:  0    Dex: 12    Spells: 13/21 levels left

rFire   . . .      SeeInvis .    l - +2 short sword (drain)
rCold   + . .      Faith    +    (no shield)
rNeg    + + +      Spirit   .    j - +4 ring mail {rF+}
rPois   ∞          Reflect  .    (no helmet)
rElec   .          Harm     .    (no cloak)
rCorr   .          Rampage  .    (no gloves)
Will    ++...                    (no boots)
Stlth   +.........               (no amulet)
HPRegen 0.30/turn                k - +4 ring of protection
MPRegen 0.16/turn                n - ring of willpower

@: no status effects
A: cold resistance 1, negative energy resistance 3, torment resistance 2, heat
vulnerability 1, in touch with death 1, no potions, faith
a: Renounce Religion


You were on level 8 of the Dungeon.
You worshipped Qazlal.
Qazlal was noncommittal.
You visited 1 branch of the dungeon, and saw 7 of its levels.
You also visited: Sewer and Ossuary.

You collected 264 gold pieces.

Inventory:

Hand Weapons
 l - a +2 short sword of draining (weapon)
Armour
 j - a +4 ring mail of fire resistance (worn)
Jewellery
 k - a +4 ring of protection (left hand)
 n - a ring of willpower (right hand)
Wands
 h - a wand of paralysis (16)
Scrolls
 a - a scroll of summoning {unknown}
 b - 6 scrolls of poison
 c - a scroll of magic mapping
 d - a scroll of teleportation
 e - a scroll of enchant weapon {unknown}
 f - a scroll of immolation {unknown}
 g - a scroll of amnesia {unknown}
 i - 2 scrolls of fear
 m - 2 scrolls of fog


   Skills:
 + Level 5.4 Fighting
 - Level 3.0 Armour
 - Level 2.0 Dodging
 - Level 2.0 Stealth
 + Level 7.2 Spellcasting
 + Level 6.9 Necromancy


You had 13 spell levels left.
You knew the following spells:

 Your Spells              Type           Power      Damage    Failure   Level
a - Necrotise             Necr           100%       1d9       1%          1
b - Vampiric Draining     Necr           44%        2d9       4%          3
c - Animate Dead          Necr           44%        N/A       16%         4

Your spell library contained the following spells:

 Spells                   Type           Power      Damage    Failure   Level
 Magic Dart               Conj           24%        1d4       26%         1
 Searing Ray              Conj           12%        2d4       36%         2
 Agony                    Necr           44%        N/A       38%         5
 Gell's Gravitas          Tloc           6%         N/A       61%         3
 Summon Guardian Golem    Hex/Summ       6%         N/A       61%         3
 Teleport Other           Tloc           6%         N/A       61%         3
 Fulminant Prism          Conj/Hex       3%         3d5       95%         4
 Petrify                  Tmut/Erth      6%         N/A       95%         4
 Irradiate                Conj/Tmut      3%         3d12      100%        5
 Dispersal                Tloc           3%         N/A       100%        6
 Orb of Destruction       Conj           3%         9d5       100%        7
 Spellforged Servitor     Conj/Summ      3%         N/A       100%        7
 Sublimation of Blood     Necr           Unusable   N/A       N/A         2

Dungeon Overview and Level Annotations

Branches:
Dungeon (6/15)              Sewer (visited)         Ossuary (visited)
 Temple: D:4-7

Altars:
Nemelex Xobeh
Okawaru
Qazlal
Xom


Innate Abilities, Weirdness & Mutations

You are immune to poison.
Your flesh is cold resistant. (rC+)
You are immune to negative energy. (rN+++)
You are immune to unholy pain and torment.
You are vulnerable to heat. (rF-)
You are in touch with the powers of death.
You do not drink.
You have a special connection with the divine. (Faith)


Message History

The bolt of electricity hits you!
A kobold brigand and 4 kobolds come into view.
The kobold brigand is wielding a +0 whip and quivering curare-tipped darts.
The kobold brigand shouts!
The kobold shouts!
The hornet stings you.
Casting: Necrotise (safe; 1% risk of failure)
Confirm with . or Enter, or press ? or * to list all spells.
Aiming: Vampiric Draining (dangerous; 4% risk of failure)
Press: ? - help, Shift-Dir - straight line, f - kobold
Aim: a kobold, wielding a +0 short sword You feel a surge of power!
You draw life force from the kobold.
You kill the kobold!
Qazlal accepts your kill.
You feel life coursing into your body.
The kobold shouts!
The hornet stings you. The orc closely misses you.
The hornet attacks as you move away! The hornet stings you.
The orc wizard mumbles some strange words.
The orc wizard flickers and vanishes!
Deactivating autopickup; reactivate with Ctrl-A.
The hornet misses you. The hornet attacks as you move away!
The hornet closely misses you. The hornet attacks as you move away!
The hornet stings you!
* * * LOW HITPOINT WARNING * * *
The hornet stings you but does no damage.
The hornet attacks as you move away! The hornet barely misses you.
The hornet barely misses you. The hornet attacks as you move away!
The hornet stings you but does no damage.
The hornet attacks as you move away!
The hornet stings you but does no damage.
The hornet stings you!
* * * LOW HITPOINT WARNING * * *
The hornet attacks as you move away!
The hornet stings you but does no damage.
The hornet stings you but does no damage.
The hornet stings you!
* * * LOW HITPOINT WARNING * * *
The hornet attacks as you move away! The hornet stings you.
You die...

#### ## #..###.###
#.........
#######......#.#
.............#.#
.....)#....#.#.###
#####......K.....######
.....###...#K.oy@...<.#
..Z.......Koo.........#
.............K........#
~~...........#.....####
≈≈~~.........#.....#
~≈≈~...............#
.≈≈≈~..............#
~~≈~~...~..........#
.~~.>.~~~....#'#####


You could see a hornet, a kobold brigand, 3 orcs and 3 kobolds.

Vanquished Creatures
  A black bear (D:5)
  An ice beast (D:5)
  An ogre (D:5)
  5 kobold brigands (Sewer)
  A necrophage (D:4)
  A scorpion (D:5)
  6 killer bees (D:8)
  3 hounds (D:5)
  Ijyb (D:3)
  2 iguanas
  An orc wizard (D:3)
  3 river rats
  10 adders
  6 worms
  3 dart slugs
  7 orcs
  6 bats
  11 endoplasms
  8 giant cockroaches
  2 goblins
  11 hobgoblins
  5 jackals (D:1)
  9 kobolds
  2 quokkas
  4 ball pythons
  2 frilled lizards
  A jackal zombie (Ossuary)
  2 rats
115 creatures vanquished.

Vanquished Creatures (collateral kills)
  A kobold brigand (Sewer)
  2 worms
  An endoplasm (D:1)
  A jackal (D:1)
  A ball python (D:1)
  A bat (D:5)
  A rat (Sewer)
8 creatures vanquished.

Vanquished Creatures (others)
  6 plants (D:8)
6 creatures vanquished.

Grand Total: 129 creatures vanquished

Notes
Turn   | Place    | Note
-------+----------+-------------------------------------------
     0 | D:1      | oldriver the Mummy Necromancer began the quest for the Orb.
     0 | D:1      | Reached XP level 1. HP: 13/13 MP: 4/4
   111 | D:1      | Reached skill level 3 in Spellcasting
   124 | D:1      | Reached XP level 2. HP: 20/20 MP: 1/6
   344 | D:1      | Reached skill level 1 in Fighting
   907 | D:1      | Gained mutation: You are in touch with the powers of death.
                  | [Mummy growth]
   907 | D:1      | Reached XP level 3. HP: 26/26 MP: 3/7
  1928 | D:3      | Reached XP level 4. HP: 33/33 MP: 6/9
  2023 | D:3      | Noticed Ijyb
  2027 | D:3      | Paralysed by Ijyb for 4 turns
  2037 | D:3      | Paralysed by Ijyb for 4 turns
  2042 | D:3      | Killed Ijyb
  2043 | D:3      | Reached skill level 4 in Spellcasting
  2047 | D:3      | Learned a level 3 spell: Vampiric Draining
  2052 | D:3      | Learned a level 4 spell: Animate Dead
  2322 | D:3      | Reached XP level 5. HP: 22/39 MP: 3/11
  3017 | D:4      | Reached skill level 5 in Necromancy
  3302 | D:4      | Found a shimmering altar of Xom.
  3721 | D:4      | Reached XP level 6. HP: 29/47 MP: 9/13
  4002 | D:5      | Entered Level 5 of the Dungeon
  4002 | D:5      | Noticed an ice beast
  4007 | D:5      | Found a sparkling altar of Nemelex Xobeh.
  4010 | D:5      | Found a sand-covered staircase.
  4014 | Ossuary  | Entered an ossuary
  4183 | D:5      | Found a glowing drain.
  4207 | Sewer    | Entered a sewer
  4492 | Sewer    | Reached skill level 1 in Armour
  4618 | Sewer    | Reached skill level 5 in Spellcasting
  4862 | Sewer    | Reached XP level 7. HP: 45/53 MP: 6/15
  5535 | D:5      | Reached skill level 6 in Spellcasting
  5847 | D:5      | Reached XP level 8. HP: 61/61 MP: 12/17
  6031 | D:5      | Found a stormy altar of Qazlal.
  6136 | D:5      | Found an iron altar of Okawaru.
  6410 | D:5      | Reached skill level 5 in Fighting
  6534 | D:5      | Became a worshipper of Qazlal Stormbringer
  6560 | D:6      | You fall into a shaft and drop 2 floors!
  6596 | D:8      | Reached skill level 7 in Spellcasting
  6789 | D:8      | Noticed a hornet
  6812 | D:8      | HP: 3/63 [hornet (7)]
  6813 | D:8      | Slain by a hornet

Illustrated notes

Levels and vault maps discovered:
D:1:      wander_arrival_lonely_grave, layout_loops_ring
D:2:      layout_basic
D:3:      layout_basic, minmay_misc_feat_roman, nrook_mini_backslash, uniq_ijyb
D:4:      layout_cave_pools, amcnicky_altar_gilded, roderic_malta_cross,
          kennysheep_dice
D:5:      layout_basic, general_overflow_altar,
          mainiacjoe_overflow_large_starburst,
          lightli_ossuary_entry_decrepit_ruins, cheibrodos_sewer_entry_sluice
D:6:      layout_layer_cave, fedhas_bush_and_centaur_altar,
          gammafunk_ghost_cemetery
D:8:      layout_basic, david_lair_shrubbed, enter_bailey_2

Skill      XL: |  1  2  3  4  5  6  7  8 |
---------------+-------------------------+-----
Spellcasting   | 3 4 5 6 7 |  7.2
Fighting       | 1 2 3 4 5 |  5.4
Necromancy     | 5 6 |  6.9
Dodging        | 2 |  2.0
Stealth        | 2 |  2.0
Armour         | 1 2 3 |  3.0

Action                   |  1- 3 |  4- 6 |  7- 9 || total
-------------------------+-------+-------+-------++-------
Melee: Unarmed           |    44 |    71 |       ||   115
       Punch             |       |     1 |       ||     1
       Short sword       |       |       |    22 ||    22
 Cast: Necrotise         |    72 |   138 |    98 ||   308
       Vampiric Draining |       |       |     6 ||     6
  Use: Scroll            |       |     3 |     5 ||     8
Armor: Robe              |    21 |     1 |       ||    22
       Ring mail         |       |    67 |    55 ||   122
Dodge: Dodged            |    61 |    79 |    64 ||   204

Table legend: (Time is in decaauts)
 A = Elapsed time spent in this place.
 B = Non-inter-level travel time spent in this place.
 C = Inter-level travel time spent in this place.
 D = Time resting spent in this place.
 E = Time spent auto-exploring this place.
 F = Levels seen in this place.
 G = Mean time per level.
                   A        B        C        D        E       F      G
               +--------+--------+--------+--------+--------+-----+--------+
         Total |   6980 |   6768 |    212 |    629 |   4941 |   9 |  775.6 |
       Dungeon |   5469 |   5257 |    212 |    525 |   3832 |   7 |  781.3 |
         Sewer |   1468 |   1468 |      0 |    104 |   1109 |   1 | 1468.0 |
       Ossuary |     41 |     41 |      0 |      0 |      0 |   1 |   41.0 |
               +--------+--------+--------+--------+--------+-----+--------+

Top non-repeatable levels by time:
   Sewer: 1468 daAuts
     D:1: 1263 daAuts
     D:5: 1215 daAuts
     D:3: 1190 daAuts
     D:4: 991 daAuts
     D:2: 558 daAuts
     D:8: 252 daAuts
 Ossuary: 41 daAuts
